Map: Shipwrecked LE

Players

A.I. 7 (Harder)

  • Race: Protoss Protoss
  • Spawn Location: 12:00

A.I. 6 (Hard)

  • Race: Protoss Protoss
  • Spawn Location: 9:00

A.I. 5 (Hard)

  • Race: Terran Terran
  • Spawn Location: 9:00

A.I. 4 (Hard)

  • Race: Zerg Zerg
  • Spawn Location: 11:00

Farkwad - Winner!

  • Race: Zerg Zerg
  • Spawn Location: 6:00

TNF - Winner!

  • Race: Protoss Protoss
  • Spawn Location: 5:00

CmdrBeaumont - Winner!

  • Race: Terran Terran
  • Spawn Location: 5:00

Throwfordays - Winner!

  • Race: Protoss Protoss
  • League: Silver
  • Spawn Location: 3:00

VOD

Have the link to the VOD?

Description

Time

  • Played on: Sept. 7, 2019, 7:57 p.m.
  • Length: 18:53
Show
View Real Time Build Order
Export as new Build Order

A.I. 7 (Harder) Protoss 

Build Orders:  

Get SALT Encoding   

  12  0:01  Probe  
  13  0:13  Probe  
  14  0:21  Pylon  
  14  0:25  Probe  
  15  0:35  Probe  
  16  0:43  Probe  
  16  0:48  Assimilator  
  17  0:52  Gateway  
  17  0:53  Probe  
  18  1:01  Probe  
  18  1:02  Pylon  
  19  1:22  Probe  
  20  1:40  Zealot  
  20  1:43  Gateway  
  20  1:45  Cybernetics Core  
  22  1:47  Assimilator  
  22  2:02  Pylon  
  22  2:13  Warp Gate  
  22  2:18  Adept  
  24  2:30  Adept  
  26  2:44  Pylon  
  26  2:48  Adept  
  28  3:00  Adept  
  30  3:17  Stalker  
  32  3:30  Adept  
  32  3:31  Pylon  
  34  3:39  Probe  
  35  3:48  Zealot  
  37  3:51  Probe  
  38  4:01  Pylon  
  38  4:03  Probe  
  38  4:07  Adept  
  41  4:11  Probe  
  41  4:14  Forge  
  42  4:19  Probe  
  42  4:22  Zealot  
  45  4:30  Probe  
  44  4:31  Stalker  
  47  4:42  Adept, Probe  
  50  4:54  Adept  
  52  5:34  Protoss Ground Weapons Level 1  
  52  5:53  Sentry  
  54  5:58  Gateway  
  54  6:02  Stalker  
  56  6:06  Pylon, Nexus  
  56  6:10  Sentry  
  56  6:11  Photon Cannon  
  58  6:13  Photon Cannon  
  58  6:25  Sentry  
  59  6:33  Sentry  
  59  6:34  Pylon  
  59  6:38  Robotics Facility  
  47  6:48  Stalker  
  37  6:56  Zealot  
  39  7:05  Adept  
  41  7:14  Zealot  
  43  7:19  Probe  
  43  7:20  Probe  
  45  7:22  Zealot  
  45  7:27  Observer  
  48  7:31  Stalker, Probe  
  48  7:33  Probe  
  48  7:36  Protoss Ground Armor Level 1  
  52  7:40  Zealot  
  52  7:44  Probe  
  55  7:46  Probe  
  55  7:48  Observer, Stalker  
  59  7:56  Probe  
  59  7:57  Stalker  
  59  7:58  Probe  
  63  8:06  Pylon, Stalker  
  63  8:08  Probe  
  63  8:10  Probe  
  67  8:15  Adept  
  67  8:17  Twilight Council  
  67  8:18  Probe  
  69  8:22  Probe  
  69  8:27  Probe  
  71  8:31  Pylon  
  72  8:34  Probe  
  72  8:35  Probe  
  74  8:42  Blink, Stargate  
  74  8:46  Probe  
  74  8:47  Probe  
  76  8:49  Forge  
  76  8:57  Photon Cannon  
  76  8:58  Probe  
  77  9:04  Photon Cannon  
  77  9:24  Assimilator  
  77  9:30  Assimilator  
  78  9:52  Probe  
  78  10:03  Void Ray, Stalker x2  
  78  10:06  Stalker x2  
  78  10:09  Stalker x2  
  78  10:11  Stalker x2  
  78  10:12  Warp Prism  
  84  10:14  Gateway  
  84  10:16  Stargate  
  84  10:17  Stalker  
  86  10:22  Stalker, Robotics Facility  
  86  10:27  Stalker  
  90  10:30  Nexus  
  90  10:41  Stalker  
  82  10:47  Zealot  
  82  10:48  Observer  
  69  10:52  Zealot  
  65  10:57  Void Ray  
  69  11:05  Zealot  
  69  11:09  Warp Prism  
  69  11:10  Sentry  
  63  11:12  Gateway  
  63  11:15  Stargate  
  63  11:16  Stalker  
  63  11:21  Zealot  
  61  11:26  Stalker  
  61  11:34  Zealot  
  61  11:41  Zealot  
  61  11:46  Pylon  
  55  11:48  Stalker  
  55  11:54  Pylon  
  46  11:55  Stalker  
  35  12:06  Zealot  
  29  12:19  Probe  
  23  12:23  Probe  
  24  12:32  Nexus  
  14  13:26  Nexus  
  14  13:41  Probe  
  14  13:45  Probe  
  14  13:48  Probe  
  16  13:49  Probe  
  18  13:58  Probe  
  18  14:00  Probe  
  18  14:01  Probe  
  21  14:10  Probe  
  22  14:44  Nexus  
  22  14:46  Probe  
  22  14:47  Probe  
  22  14:50  Probe  
  20  14:54  Nexus, Probe  
  15  15:13  Probe  
  15  15:27  Pylon  
  15  15:31  Nexus  
  15  16:02  Probe x3  
  18  16:12  Nexus  
  18  16:14  Probe  
  18  16:16  Pylon, Probe  
  21  16:19  Pylon  
  21  16:25  Pylon  
  19  16:26  Probe x2  
  21  16:38  Nexus  
  21  16:40  Assimilator  
  21  16:46  Probe  
Show
View Real Time Build Order
Export as new Build Order

A.I. 6 (Hard) Protoss 

Build Orders:  

Get SALT Encoding   

  12  0:01  Probe  
  13  0:13  Probe  
  14  0:21  Pylon  
  14  0:25  Probe  
  15  0:35  Probe  
  16  0:44  Probe  
  16  0:48  Assimilator  
  17  0:52  Gateway  
  17  0:53  Probe  
  18  1:01  Pylon, Probe  
  19  1:22  Probe  
  20  1:40  Zealot  
  20  1:42  Cybernetics Core  
  20  1:45  Gateway  
  22  1:48  Assimilator  
  22  2:03  Pylon  
  22  2:13  Stalker  
  24  2:26  Warp Gate  
  24  2:31  Adept  
  26  2:44  Zealot  
  28  2:51  Pylon  
  28  3:01  Adept x2  
  32  3:21  Pylon  
  32  3:26  Probe  
  33  3:31  Adept  
  35  3:38  Adept, Probe  
  38  3:47  Forge  
  38  3:50  Probe  
  39  3:56  Adept  
  39  4:02  Probe  
  42  4:14  Probe  
  42  4:15  Adept  
  45  4:26  Probe  
  46  4:33  Adept  
  48  5:41  Protoss Ground Weapons Level 1  
  48  6:04  Stalker  
  48  6:07  Gateway  
  50  6:14  Stalker  
  50  6:15  Pylon, Nexus  
  50  6:18  Photon Cannon  
  52  6:21  Photon Cannon  
  52  6:24  Stargate, Zealot  
  54  6:36  Robotics Facility  
  54  6:37  Stalker  
  56  6:40  Pylon  
  54  6:47  Stalker  
  54  6:52  Twilight Council  
  56  7:00  Sentry  
  58  7:01  Forge  
  58  7:11  Pylon, Zealot  
  60  7:21  Stalker  
  62  7:23  Protoss Ground Armor Level 1  
  62  7:24  Observer  
  62  7:28  Probe  
  62  7:29  Probe  
  65  7:31  Blink, Stalker  
  65  7:32  Pylon  
  67  7:40  Pylon, Probe  
  67  7:42  Probe  
  69  7:46  Observer  
  70  7:52  Probe  
  70  7:54  Probe  
  72  8:03  Photon Cannon  
  72  8:04  Probe  
  73  8:06  Probe  
  73  8:07  Photon Cannon  
  74  8:16  Probe  
  74  8:17  Probe  
  76  8:26  Probe  
  76  8:28  Probe  
  78  8:34  Probe  
  78  8:41  Probe  
  80  8:45  Probe  
  81  9:01  Assimilator  
  81  9:07  Assimilator  
  81  9:23  Probe x2  
  83  9:31  Probe  
  84  10:14  Immortal  
  84  10:26  Gateway  
  88  10:30  Robotics Facility  
  88  10:32  Stargate  
  88  10:37  Robotics Bay  
  88  10:40  Pylon  
  86  10:51  Warp Prism  
  86  10:53  Fleet Beacon  
  72  10:57  Nexus  
  57  11:08  Protoss Ground Armor Level 2  
  57  11:10  Zealot  
  59  11:14  Protoss Ground Weapons Level 2  
  59  11:17  Observer  
  60  11:19  Warp Prism  
  60  11:21  Stalker  
  62  11:28  Gravitic Boosters  
  64  11:38  Observer  
  64  11:39  Carrier  
  71  11:48  Stalker  
  71  11:53  Warp Prism  
  69  11:58  Stalker  
  63  12:07  Sentry  
  65  12:11  Probe  
  65  12:13  Probe  
  67  12:17  Immortal  
  71  12:23  Probe  
  71  12:25  Probe  
  71  12:26  Stalker  
  71  12:29  Observer  
  75  12:35  Probe  
  75  12:36  Stalker  
  77  12:38  Probe  
  77  12:42  Stalker  
  72  12:48  Void Ray  
  76  12:54  Colossus  
  74  13:01  Nexus  
  74  13:03  Void Ray  
  76  13:12  Stalker  
  77  13:21  Assimilator  
  77  13:22  Zealot  
  77  13:26  Zealot  
  79  13:27  Assimilator  
  79  13:29  Zealot  
  79  13:34  Immortal  
  77  13:35  Void Ray x2  
  77  13:41  Zealot  
  85  13:49  Zealot  
  85  13:52  Zealot  
  85  13:55  Pylon  
  88  14:02  Stalker  
  90  14:11  Stalker  
  90  14:17  Stalker  
  94  14:21  Stalker  
  90  14:25  Stalker  
  70  14:36  Zealot  
  55  14:40  Stalker  
  39  14:52  Probe  
  20  14:54  Stalker  
  18  15:04  Probe  
  13  15:16  Probe  
  12  15:45  Probe  
  11  15:57  Probe  
  12  16:09  Probe  
  12  16:21  Probe  
  13  16:29  Nexus  
  13  17:01  Nexus  
  13  17:04  Probe  
  13  17:08  Pylon  
  13  17:22  Probe  
  14  17:30  Nexus, Probe  
  15  17:37  Pylon, Probe  
  15  17:39  Probe  
  17  17:45  Probe  
  17  17:46  Assimilator  
  17  17:49  Gateway  
  18  17:52  Pylon  
  18  17:55  Probe  
  18  18:07  Probe  
  12  18:43  Zealot  
Show
View Real Time Build Order
Export as new Build Order

A.I. 5 (Hard) Terran 

Build Orders:  

Get SALT Encoding   

  12  0:01  SCV  
  13  0:13  SCV  
  14  0:19  Supply Depot  
  14  0:25  SCV  
  15  0:41  SCV  
  16  0:46  Barracks  
  16  0:51  Refinery  
  16  0:53  SCV  
  17  1:05  SCV  
  18  1:17  SCV  
  19  1:22  Supply Depot  
  19  1:30  SCV  
  19  1:32  Marine  
  21  1:44  Orbital Command, Barracks  
  21  1:50  Marine  
  21  1:51  Refinery  
  22  1:59  Factory  
  22  2:10  Barracks Tech Lab  
  22  2:20  Supply Depot  
  22  2:28  Marine  
  23  2:38  Marine  
  24  2:49  Hellion  
  26  2:55  Supply Depot  
  26  2:58  Marine  
  27  3:08  Marine  
  28  3:18  Marine  
  29  3:28  Marine  
  29  3:31  Supply Depot  
  30  3:39  SCV, Marauder  
  33  3:49  Hellion  
  33  3:50  Engineering Bay  
  33  3:51  SCV  
  36  4:00  Marauder  
  38  4:03  SCV  
  39  4:10  Hellion  
  39  4:15  SCV  
  42  4:19  Supply Depot  
  42  4:27  SCV  
  43  4:31  Hellion  
  45  4:39  SCV  
  46  4:53  Hellion  
  48  5:14  Hellion  
  50  6:32  Barracks Tech Lab  
  50  6:33  Stimpack  
  50  6:34  Marauder, Terran Infantry Weapons Level 1  
  50  6:35  Factory Tech Lab, Factory  
  50  6:38  Starport  
  52  6:41  Starport  
  52  6:42  Command Center  
  52  6:45  Missile Turret  
  51  6:48  Missile Turret  
  51  6:49  Concussive Shells  
  51  6:53  Barracks  
  51  6:55  Marine, Supply Depot  
  51  6:56  Marauder  
  35  7:13  Reaper  
  35  7:14  Starport Tech Lab  
  31  7:17  Marine  
  31  7:19  Starport Tech Lab  
  32  7:24  Factory Tech Lab  
  32  7:32  Combat Shield  
  32  7:35  Marine, Raven  
  35  7:38  Raven  
  35  7:39  Bunker  
  37  7:45  Marauder  
  37  7:46  Reaper, Sensor Tower  
  40  7:52  Marine  
  40  7:54  SCV  
  40  7:57  SCV  
  43  8:02  Refinery  
  43  8:06  Marine  
  43  8:07  SCV  
  43  8:08  Refinery  
  43  8:09  SCV  
  43  8:11  Marauder  
  48  8:18  Marine  
  48  8:19  SCV  
  50  8:23  SCV  
  50  8:24  Marine  
  52  8:28  Terran Infantry Armor Level 1  
  52  8:31  SCV  
  52  8:32  Marauder  
  52  8:33  Missile Turret  
  55  8:35  Marine, SCV  
  57  8:41  Marine  
  57  8:43  SCV  
  57  8:47  SCV  
  60  8:53  Marine  
  60  8:54  Marine, Missile Turret  
  60  8:55  SCV  
  62  8:59  SCV  
  62  9:01  Marauder  
  65  9:07  SCV  
  66  9:10  Armory  
  66  9:11  Marine, SCV  
  66  9:14  Barracks Reactor  
  68  9:19  SCV  
  68  9:22  Bunker  
  68  9:23  SCV  
  70  9:31  SCV  
  70  9:35  SCV  
  72  9:43  SCV  
  73  9:47  SCV  
  74  10:50  Viking  
  74  10:51  Medivac  
  74  10:52  Terran Infantry Weapons Level 2  
  74  10:54  Supply Depot, Terran Vehicle Weapons Level 1  
  78  10:57  Siege Tank  
  78  11:04  Widow Mine  
  83  11:11  Command Center  
  83  11:16  Engineering Bay  
  83  11:20  Supply Depot, Medivac  
  83  11:21  Raven  
  83  11:24  Thor  
  83  11:29  Siege Tank  
  66  11:33  Marauder  
  66  11:38  Marine  
  69  11:44  Marine  
  70  11:50  Marine, Raven  
  69  11:56  Marine  
  65  12:02  Marine  
  65  12:04  Medivac  
  68  12:14  Marauder  
  68  12:15  Marine  
  71  12:18  Supply Depot  
  71  12:21  Marine  
  72  12:27  Widow Mine  
  72  12:28  SCV  
  75  12:31  Hellion  
  75  12:33  Medivac  
  69  12:37  Marine  
  69  12:40  Refinery  
  67  12:48  Marine  
  67  12:49  Refinery, Hellion, Starport Tech Lab  
  55  12:53  Hellion  
  42  12:59  Marine  
  42  13:02  SCV  
  42  13:03  Raven, SCV  
  40  13:05  SCV  
  40  13:07  Raven  
  40  13:10  Hellion  
  40  13:11  Barracks Tech Lab  
  36  13:14  SCV  
  36  13:16  Hellion  
  36  13:17  Marauder  
  34  13:24  SCV  
  34  13:26  SCV  
  37  13:29  Marine, SCV  
  37  13:32  Factory Tech Lab  
  35  13:36  SCV  
  34  13:41  SCV  
  34  13:44  Marine, SCV  
  34  13:48  SCV, Barracks Tech Lab  
  37  13:50  Starport Tech Lab  
  37  13:53  SCV  
  35  13:56  SCV  
  35  14:00  SCV  
  35  14:02  Marine  
  35  14:07  Marine  
  35  14:09  SCV  
  34  14:13  SCV  
  33  14:20  Marauder  
  33  14:22  SCV  
  32  14:25  Marine  
  32  14:29  Factory  
  32  14:42  SCV, Barracks Tech Lab  
  33  14:51  Orbital Command  
  31  14:54  SCV  
  31  15:01  Marine  
  31  15:06  SCV  
  28  15:17  SCV  
  23  15:29  SCV  
  16  15:41  SCV  
Show
View Real Time Build Order
Export as new Build Order

A.I. 4 (Hard) Zerg 

Build Orders: 1 Base Baneling Bust, Pool First 

Get SALT Encoding   

  12  0:01  Drone  
  13  0:12  Overlord  
  13  0:18  Drone  
  14  0:30  Drone  
  14  0:32  Drone  
  16  0:44  Spawning Pool  
  16  0:46  Drone  
  16  0:50  Drone  
  16  0:53  Extractor  
  16  0:55  Drone  
  17  1:06  Overlord  
  17  1:31  Zergling x2  
  17  1:32  Queen  
  20  1:37  Roach Warren  
  20  1:38  Drone  
  20  1:42  Zergling x2  
  20  1:43  Extractor  
  20  1:49  Drone  
  21  2:00  Drone  
  22  2:10  Overlord  
  22  2:21  Drone  
  23  2:32  Roach  
  25  2:39  Drone  
  25  2:43  Roach  
  28  2:45  Overlord  
  28  2:54  Roach  
  30  3:04  Roach  
  32  3:11  Overlord  
  32  3:15  Roach  
  34  3:26  Roach  
  36  3:37  Roach, Overlord  
  38  3:47  Drone  
  38  3:48  Roach  
  41  3:51  Drone  
  41  3:55  Drone  
  43  3:58  Roach  
  45  4:04  Drone  
  46  4:13  Baneling Nest  
  46  4:14  Roach  
  46  4:15  Drone  
  46  4:16  Drone  
  49  4:18  Drone  
  49  4:24  Evolution Chamber  
  49  4:27  Drone  
  49  4:37  Zergling x2  
  50  4:48  Roach  
  52  4:59  Roach  
  54  6:27  Lair, Overlord  
  54  6:29  Zerg Melee Weapons Level 1  
  54  6:30  Evolution Chamber  
  53  6:33  Spore Crawler  
  53  6:34  Drone  
  53  6:36  Spore Crawler  
  53  6:37  Drone  
  53  6:47  Overlord  
  53  6:50  Hatchery  
  53  6:52  Drone  
  47  7:01  Zergling x2  
  47  7:02  Spine Crawler  
  47  7:03  Zerg Ground Armor Level 1  
  47  7:04  Drone  
  34  7:12  Roach  
  30  7:23  Roach  
  30  7:24  Queen  
  30  7:25  Overseer  
  30  7:26  Overseer  
  34  7:31  Infestation Pit  
  34  7:33  Drone, Hydralisk Den  
  34  7:34  Roach  
  35  7:37  Spine Crawler  
  35  7:38  Drone  
  35  7:45  Roach  
  37  7:53  Spire  
  37  7:55  Drone  
  37  7:56  Ravager  
  37  7:57  Ravager  
  41  7:58  Roach  
  41  8:00  Burrow  
  41  8:04  Drone  
  41  8:05  Drone  
  43  8:07  Drone  
  43  8:09  Roach  
  43  8:11  Drone  
  47  8:13  Drone  
  47  8:14  Drone  
  47  8:17  Drone  
  51  8:20  Ravager, Drone  
  51  8:23  Zerg Missile Weapons Level 1, Drone  
  53  8:27  Hydralisk  
  53  8:28  Drone  
  53  8:29  Drone  
  53  8:31  Drone  
  58  8:34  Drone  
  59  8:42  Roach  
  61  8:49  Spore Crawler  
  61  8:52  Spore Crawler, Hydralisk  
  61  8:55  Queen  
  63  9:03  Hydralisk  
  65  9:14  Extractor, Hydralisk  
  65  9:15  Drone  
  65  9:16  Spine Crawler  
  66  9:18  Drone  
  66  9:19  Drone, Spine Crawler  
  67  9:35  Extractor  
  67  9:36  Drone  
  68  9:38  Drone, Overlord  
  68  9:39  Overseer  
  68  9:40  Drone  
  69  9:58  Drone  
  71  10:00  Drone  
  71  10:46  Zergling x2  
  60  10:56  Roach  
  48  10:57  Overseer  
  48  10:58  Overseer, Overlord, Pneumatized Carapace  
  48  11:00  Roach  
  50  11:04  Hydralisk  
  50  11:09  Hydralisk  
  54  11:14  Roach  
  54  11:18  Hatchery, Roach  
  57  11:22  Glial Reconstitution  
  57  11:24  Hydralisk  
  59  11:29  Hydralisk  
  59  11:35  Roach, Overlord  
  59  11:38  Overseer  
  59  11:39  Roach  
  60  11:43  Hydralisk  
  56  11:48  Hydralisk  
  56  11:53  Roach  
  60  11:55  Overlord  
  60  11:57  Zergling x2  
  57  12:02  Roach  
  57  12:05  Overseer  
  57  12:07  Ravager  
  60  12:13  Overlord  
  60  12:14  Roach  
  62  12:18  Hydralisk  
  64  12:23  Hydralisk  
  64  12:26  Overseer  
  64  12:28  Roach  
  52  12:31  Hydralisk  
  52  12:32  Overlord  
  52  12:35  Hydralisk  
  52  12:39  Hydralisk  
  52  12:43  Zergling x2  
  55  12:48  Roach  
  55  12:50  Overlord, Spire  
  48  12:51  Hydralisk  
  48  12:54  Overseer  
  48  12:56  Zergling x2  
  49  13:05  Zergling x2  
  47  13:09  Hydralisk  
  47  13:10  Overlord  
  43  13:12  Hydralisk  
  43  13:18  Evolution Chamber  
  40  13:21  Evolution Chamber  
  40  13:25  Spawning Pool  
  36  13:28  Overlord  
  36  13:29  Drone  
  27  13:44  Hatchery  
Show
View Real Time Build Order
Export as new Build Order

Farkwad Zerg - Winner!

Build Orders: 1 Base Baneling Bust, Pool First 

Get SALT Encoding   

  12  0:06  Drone  
  13  0:09  Drone  
  14  0:19  Overlord  
  14  0:41  Spawning Pool  
  13  0:44  Drone  
  13  0:45  Drone  
  13  0:49  Drone  
  16  1:35  Extractor  
  15  1:40  Extractor  
  15  1:41  Queen  
  15  1:43  Drone  
  15  1:44  Drone  
  15  1:45  Drone  
  19  1:58  Spine Crawler  
  18  2:04  Spine Crawler  
  17  2:40  Drone x3  
  20  3:01  Drone  
  21  3:09  Drone  
  22  3:30  Spine Crawler  
  22  3:33  Lair  
  21  3:37  Overlord  
  21  3:38  Overlord  
  21  3:40  Drone  
  22  3:58  Baneling Nest  
  21  4:12  Drone x2  
  21  4:13  Drone  
  21  4:14  Zergling x4  
  26  4:36  Hatchery  
  26  4:37  Spine Crawler  
  24  4:41  Spine Crawler  
  23  5:01  Hydralisk Den  
  22  5:09  Spine Crawler  
  21  5:26  Drone  
  21  5:27  Drone x2  
  24  6:04  Spine Crawler  
  24  6:05  Hatchery  
  24  6:11  Spine Crawler  
  21  6:18  Spore Crawler  
  21  6:21  Drone  
  21  6:22  Drone x4  
  25  6:36  Lurker Den  
  25  6:38  Overlord  
  24  6:46  Zergling x2  
  25  6:50  Baneling x2  
  25  6:51  Baneling x2  
  25  7:07  Drone x3  
  28  7:19  Spore Crawler  
  27  7:28  Infestation Pit  
  26  7:37  Spine Crawler  
  25  7:53  Spore Crawler  
  24  8:02  Spine Crawler  
  23  8:13  Spire  
  23  8:16  Hive  
  22  8:20  Drone x3  
  22  8:22  Queen  
  27  8:31  Drone x3  
  30  8:49  Centrifical Hooks  
  30  8:57  Grooved Spines  
  30  9:10  Evolution Chamber  
  30  9:14  Zergling x2  
  30  9:15  Zergling x2, Hydralisk  
  30  9:16  Hydralisk  
  33  9:18  Overlord  
  33  9:19  Drone  
  36  9:33  Queen  
  36  9:36  Drone x2  
  36  9:37  Drone  
  41  9:47  Extractor, Drone x2  
  41  9:48  Drone  
  41  9:50  Adaptive Talons  
  43  9:59  Greater Spire  
  43  10:02  Zerg Missile Weapons Level 1  
  43  10:08  Muscular Augments  
  43  10:10  Corruptor  
  43  10:14  Corruptor  
  45  10:17  Corruptor  
  49  10:29  Lurker  
  50  10:45  Lurker  
  48  10:52  Drone x3  
  46  11:43  Brood Lord x2  
  50  11:48  Brood Lord  
  52  11:55  Baneling  
  52  11:57  Zerg Ground Armor Level 1  
  52  12:18  Zerg Flyer Weapons Level 1  
  52  12:30  Spine Crawler  
  51  12:42  Hatchery  
  50  13:03  Corruptor  
  50  13:04  Corruptor  
  54  13:06  Overlord  
  54  13:13  Queen  
  56  13:47  Overlord  
  56  13:48  Queen, Corruptor, Overlord  
  56  13:49  Corruptor  
  56  13:50  Corruptor  
  56  13:51  Corruptor  
  66  14:07  Extractor  
  65  14:13  Zerg Flyer Armor Level 1  
  65  14:15  Drone x2  
  67  14:41  Brood Lord x2  
  71  15:02  Brood Lord  
  71  15:04  Brood Lord  
  75  15:13  Drone  
  75  15:14  Drone x5  
  81  15:24  Drone x3  
  81  15:26  Queen  
  86  16:09  Hatchery  
  85  16:12  Overlord  
  85  16:13  Overlord x3  
  85  16:15  Drone x2  
  87  16:20  Drone x2  
  87  16:21  Drone  
  90  16:41  Brood Lord  
  90  16:42  Brood Lord  
  94  17:25  Drone  
  94  17:26  Drone x3  
  94  17:29  Corruptor x2  
  102  18:18  Corruptor  
  102  18:19  Corruptor  
  104  18:20  Corruptor  
  104  18:21  Overlord x2  
  104  18:22  Overlord  
  104  18:23  Overlord  
  112  18:36  Extractor  
  112  18:40  Extractor  
Show
View Real Time Build Order
Export as new Build Order

TNF Protoss - Winner!

Build Orders: Forge Fast Expand (FFE) 

Get SALT Encoding   

  12  0:02  Probe  
  13  0:15  Probe  
  14  0:27  Probe  
  15  0:35  Pylon  
  15  0:45  Assimilator  
  15  0:53  Probe  
  16  0:57  Forge  
  16  1:09  Gateway  
  16  1:31  Nexus  
  16  1:37  Assimilator  
  16  1:43  Assimilator  
  16  1:46  Probe  
  17  1:58  Probe  
  17  1:59  Assimilator  
  18  2:10  Probe  
  19  2:22  Probe  
  20  2:24  Cybernetics Core  
  20  2:34  Probe  
  21  2:37  Zealot  
  23  2:46  Probe  
  24  2:53  Probe  
  25  2:58  Probe  
  25  3:04  Zealot  
  25  3:05  Probe  
  29  3:12  Protoss Shields Level 1  
  29  3:17  Probe  
  30  3:29  Probe  
  30  3:31  Zealot  
  30  3:32  Pylon  
  33  3:39  Stargate  
  33  3:41  Probe  
  34  3:42  Stargate  
  34  3:57  Robotics Facility  
  34  4:25  Pylon  
  34  4:38  Pylon  
  34  4:44  Void Ray  
  38  4:50  Void Ray  
  42  4:53  Probe  
  43  5:05  Probe  
  44  5:18  Probe  
  44  5:20  Protoss Ground Armor Level 1  
  45  5:30  Probe  
  45  5:31  Photon Cannon  
  46  5:37  Photon Cannon  
  46  5:42  Probe  
  47  5:50  Void Ray  
  47  5:52  Void Ray  
  47  5:54  Probe  
  47  5:55  Adept  
  58  6:24  Protoss Air Weapons Level 1  
  58  6:25  Stalker  
  59  6:55  Sentry  
  47  7:19  Void Ray  
  47  7:21  Void Ray, Zealot  
  57  7:29  Protoss Ground Weapons Level 1, Pylon  
  57  7:47  Fleet Beacon  
  57  7:48  Stalker  
  59  8:02  Immortal  
  63  8:19  Sentry  
  65  8:25  Nexus  
  65  8:29  Assimilator  
  65  8:34  Assimilator  
  65  8:40  Tempest  
  70  8:56  Pylon  
  70  8:59  Pylon  
  70  9:02  Protoss Air Armor Level 1, Pylon  
  70  9:05  Pylon  
  70  9:14  Tempest, Zealot  
  77  9:18  Immortal  
  81  9:36  Tempest  
  86  9:41  Adept  
  86  9:43  Probe  
  89  9:55  Probe  
  89  9:57  Immortal  
  94  10:06  Probe  
  95  10:07  Probe  
  95  10:11  Stalker  
  98  10:18  Tempest, Probe  
  98  10:20  Probe  
  105  10:23  Tempest  
  110  10:30  Probe  
  111  10:36  Observer  
  111  10:42  Sentry, Probe  
  111  10:59  Probe  
  108  11:13  Protoss Air Weapons Level 2  
  108  11:23  Zealot  
  106  11:27  Tempest  
  103  13:11  Tempest  
  108  13:47  Protoss Air Armor Level 2  
  108  15:23  Pylon  
  108  15:27  Pylon  
  108  15:29  Pylon  
  108  15:41  Adept  
  108  15:42  Immortal  
  114  15:45  Tempest, Void Ray  
  123  16:11  Stalker  
  125  16:21  Immortal  
  129  16:28  Void Ray  
Show
View Real Time Build Order
Export as new Build Order

CmdrBeaumont Terran - Winner!

Build Orders:  

Get SALT Encoding   

  12  0:03  SCV  
  13  0:43  Command Center  
  13  0:52  Refinery  
  13  0:56  Refinery  
  13  1:14  SCV  
  14  1:26  SCV  
  15  1:55  SCV  
  16  2:07  SCV  
  17  2:19  SCV  
  18  2:35  Refinery  
  18  2:43  SCV  
  19  2:45  Refinery  
  19  2:55  SCV  
  20  3:07  SCV, Engineering Bay  
  20  3:12  SCV  
  22  3:19  SCV  
  23  3:24  SCV  
  24  3:36  SCV  
  24  3:38  SCV  
  26  3:48  SCV  
  27  3:50  SCV  
  28  3:59  Sensor Tower  
  28  4:01  SCV  
  28  4:02  SCV  
  30  4:15  Supply Depot  
  30  4:37  SCV, Supply Depot  
  31  4:44  Sensor Tower  
  31  4:49  SCV  
  32  5:00  Supply Depot  
  32  5:14  Sensor Tower  
  32  5:22  Supply Depot  
  32  5:37  Barracks  
  32  5:55  Sensor Tower  
  32  6:33  Sensor Tower  
  32  6:39  Barracks Reactor  
  32  6:45  Factory  
  32  6:52  SCV  
  33  6:55  SCV  
  34  7:04  SCV  
  34  7:07  SCV  
  36  7:16  SCV  
  36  7:17  Marine x2  
  36  7:19  SCV  
  40  7:28  SCV  
  40  7:29  Factory  
  41  7:31  SCV  
  41  7:32  Factory Tech Lab  
  41  7:35  Marine x2  
  44  7:40  SCV  
  44  7:43  SCV  
  46  7:52  SCV  
  46  7:53  Marine x2  
  46  7:55  SCV  
  50  8:04  SCV  
  51  8:07  SCV, Mag-Field Accelerator  
  51  8:11  Marine x2  
  54  8:14  Terran Infantry Weapons Level 1, Factory  
  54  8:16  SCV  
  56  8:20  SCV  
  56  8:29  SCV  
  57  8:57  Factory Tech Lab  
  57  8:59  Factory Tech Lab, Factory  
  57  9:21  Sensor Tower  
  57  9:23  Orbital Command  
  57  9:26  Orbital Command  
  57  9:33  Siege Tank  
  60  9:41  Supply Depot  
  60  9:46  Infernal Pre-Igniter  
  60  10:03  Siege Tank x2  
  60  10:04  Supply Depot  
  60  10:05  Siege Tank  
  69  10:08  Hi-Sec Auto Tracking  
  69  10:26  Supply Depot  
  69  10:35  Siege Tank  
  71  10:50  Supply Depot  
  70  11:12  Supply Depot  
  70  11:36  Supply Depot  
  68  11:58  Supply Depot  
  68  11:59  Factory Tech Lab  
  67  12:20  Supply Depot  
  67  12:33  Armory  
  67  12:43  Supply Depot  
  67  12:48  Command Center  
  66  12:57  Cyclone  
  66  12:58  Cyclone x3  
  78  13:06  Supply Depot  
  77  13:20  Ghost Academy  
  77  13:29  Thor, Supply Depot  
  77  13:30  Thor x2  
  101  13:52  Supply Depot  
  101  14:12  Thor x2  
  101  14:13  Thor  
  118  14:55  Thor x3  
  136  15:38  Thor x3  
  154  16:21  Hellbat x2  
  154  16:22  Hellbat  
Show
View Real Time Build Order
Export as new Build Order

Throwfordays Protoss - Winner!

Build Orders: 1 Gate Expand 

Get SALT Encoding   

  12  0:01  Probe  
  13  0:13  Probe  
  14  0:18  Pylon  
  14  0:27  Probe  
  15  0:39  Probe  
  16  0:43  Gateway  
  16  0:46  Assimilator  
  16  0:52  Probe  
  17  1:08  Probe  
  17  1:16  Probe  
  19  1:26  Probe  
  19  1:27  Nexus  
  20  1:35  Pylon  
  20  1:41  Assimilator  
  20  1:43  Probe  
  21  1:55  Probe  
  22  2:03  Cybernetics Core  
  22  2:07  Pylon, Probe  
  23  2:20  Warp Gate  
  23  2:23  Forge  
  23  2:25  Probe  
  24  2:36  Gateway  
  24  2:37  Probe  
  25  2:40  Probe  
  26  2:48  Probe  
  26  2:49  Probe  
  27  2:58  Probe  
  28  3:01  Probe  
  30  3:10  Probe  
  30  3:11  Protoss Ground Weapons Level 1  
  31  3:13  Probe  
  31  3:16  Robotics Facility  
  32  3:22  Probe  
  32  3:24  Robotics Facility  
  32  3:25  Probe  
  34  3:34  Probe  
  34  3:35  Assimilator  
  34  3:37  Assimilator  
  35  3:53  Nexus  
  35  3:59  Gateway  
  35  4:05  Immortal  
  35  4:08  Adept  
  41  4:12  Adept  
  43  4:32  Adept x2  
  43  4:35  Immortal  
  51  4:39  Probe  
  51  4:43  Probe  
  53  4:51  Probe  
  54  4:59  Pylon  
  54  5:02  Pylon  
  54  5:05  Probe x2, Immortal  
  54  5:06  Pylon  
  60  5:10  Pylon  
  60  5:13  Pylon  
  60  5:16  Protoss Shields Level 1  
  60  5:17  Pylon, Probe  
  61  5:26  Protoss Air Weapons Level 1, Probe  
  61  5:28  Probe  
  63  5:31  Probe  
  64  5:38  Probe  
  64  5:40  Probe  
  66  5:43  Probe  
  66  5:48  Immortal  
  71  5:50  Probe  
  71  5:52  Probe  
  71  5:55  Probe  
  71  5:57  Immortal  
  78  6:03  Probe  
  79  6:04  Probe  
  79  6:07  Probe  
  81  6:12  Assimilator  
  81  6:15  Assimilator, Probe  
  81  6:16  Probe  
  83  6:19  Probe  
  83  6:22  Stalker  
  83  6:23  Stalker x2  
  90  6:27  Probe  
  83  6:57  Stalker x2  
  83  6:58  Stalker  
  85  7:10  Immortal x2  
  91  7:22  Stalker  
  93  7:33  Protoss Ground Armor Level 1  
  93  7:34  Probe  
  95  7:37  Probe  
  95  7:41  Twilight Council  
  95  7:46  Probe, Robotics Bay  
  95  7:48  Forge  
  95  7:49  Probe  
  97  7:54  Cybernetics Core  
  97  7:58  Probe  
  97  7:59  Gateway  
  97  8:01  Gateway, Probe  
  97  8:03  Gateway  
  97  8:05  Gateway  
  99  8:09  Gateway  
  99  8:10  Stalker x3  
  105  8:18  Immortal x2  
  113  8:24  Nexus  
  113  8:27  Pylon  
  113  8:28  Pylon  
  113  8:30  Pylon  
  113  8:31  Pylon, Protoss Ground Weapons Level 2  
  113  8:34  Pylon  
  113  8:37  Pylon  
  113  8:39  Pylon  
  113  8:40  Extended Thermal Lance  
  113  8:41  Pylon  
  113  8:44  Pylon, Stalker  
  115  8:54  Resonating Glaives  
  115  8:57  Immortal  
  115  9:00  Colossus  
  125  9:21  Templar Archives  
  125  9:36  Assimilator  
  125  9:41  Assimilator, Probe  
  125  9:44  Pylon  
  126  9:48  Pylon  
  126  9:53  Probe  
  127  10:03  Probe  
  127  10:05  Probe  
  127  10:06  Probe  
  130  10:15  Probe  
  130  10:17  Probe  
  130  10:18  Colossus x2, Probe  
  145  10:27  Probe  
  146  10:29  Probe  
  146  10:30  Probe  
  146  10:34  Charge  
  148  10:41  Probe  
  147  10:44  Stalker x2  
  147  10:45  Stalker x6  
  155  11:08  Protoss Ground Weapons Level 3  
  155  11:09  Protoss Ground Armor Level 2  
  153  11:11  Colossus  
  153  11:12  Warp Prism  
  159  11:48  High Templar x6  
  159  11:49  High Templar x2  
  159  11:52  Archon  
  159  11:53  Archon x3  
  175  12:06  Psionic Storm  
  173  12:52  High Templar  
  173  12:53  High Templar x6  
  173  12:54  High Templar  
  189  12:59  Archon x3  
  189  13:00  Archon  
  189  13:24  Blink  
  189  13:30  Zealot x5  
  199  14:00  Protoss Air Armor Level 1  
  191  14:41  Zealot  
  191  14:42  Zealot x5  
  197  15:07  Zealot  
Tags
 
Add a new tag
Caveats
  • Supply blocks, unpowered buildings, or Contaminate may cause inaccurate times.
  • Supply counts are checked every 10 seconds.